 Dungeon Crawl Stone Soup version 0.18.1-6-gd335043 (webtiles) character file.

165 epen the Cutter (level 5, -2/46 HPs)
             Began as a Draconian Chaos Knight on May 15, 2016.
             Slain by a sixfirhy (8 damage)
             ... on level 1 of the Abyss.
             The game lasted 00:09:40 (2882 turns).

epen the Cutter (Draconian Chaos Knight)            Turns: 2882, Time: 00:09:41

Health: -2/46      AC:  8    Str: 15    XL:     5   Next: 22%
Magic:  5/5        EV: 13    Int: 12    God:    Xom [*.....]
Gold:   156        SH:  0    Dex: 11    Spells: 1 memorised, 3 levels left

rFire  . . .     SeeInvis .     a - +0 short sword (chaos)
rCold  . . .     Gourm    .     (armour unavailable)
rNeg   . . .     Faith    .     (no shield)
rPois  .         Spirit   .     (helmet restricted)
rElec  .         Dismiss  .     d - +0 cloak
rCorr  .         Reflect  .     (no gloves)
SustAt .         Harm     .     n - +1 pair of boots
MR     .....     Rnd*Tele +     (no amulet)
Stlth  +.........               (no ring)
                                h - ring of teleportation (curse)

@: about to teleport, not resistant to hostile enchantments, very unstealthy
A: unfitting armour, beak, cold-blooded, AC +5
a: Renounce Religion


You were on level 1 of the Abyss.
You worshipped Xom.
You were a special plaything of Xom.
You were hungry.

You visited 1 branch of the dungeon, and saw 3 of its levels.
You visited the Abyss 1 time.

You collected 156 gold pieces.

Inventory:

Hand Weapons
 a - a +0 short sword of chaos (weapon)
Armour
 d - a +0 cloak (worn)
 n - a +1 pair of boots (worn)
Jewellery
 h - a cursed ring of teleportation (left hand)
Scrolls
 j - 3 scrolls of teleportation
 q - 2 scrolls of amnesia
Potions
 e - a potion of haste
 f - 2 potions of invisibility
 i - 2 potions of magic
 m - 2 potions of heal wounds {unknown}
 o - a potion of curing {unknown}
Books
 p - a book of Flames

   Spells                             Type                      Level
   a - Flame Tongue                   Conjuration/Fire             1
   b - Throw Flame                    Conjuration/Fire             2
   c - Conjure Flame                  Conjuration/Fire             3
   d - Inner Flame                    Hexes/Fire                   3
   e - Sticky Flame                   Conjuration/Fire             4
   f - Fireball                       Conjuration/Fire             5
Comestibles
 b - a bread ration
 c - 2 chunks of flesh
 g - a royal jelly


   Skills:
 + Level 3.7 Fighting
 * Level 4.1 Short Blades
 * Level 3.5 Dodging
 + Level 0.3 Spellcasting
 * Level 1.0 Conjurations
 * Level 1.2 Fire Magic


You had 3 spell levels left.
You knew the following spells:

 Your Spells              Type           Power        Failure   Level  Hunger
a - Flame Tongue          Conj/Fire      #....        21%         1    ##.....


Dungeon Overview and Level Annotations

Branches:
Dungeon (3/15)

Altars:
Makhleb
Okawaru


Innate Abilities, Weirdness & Mutations

Your plain brown scales are hard (AC +5).
Your body does not fit into most forms of armour.
You are cold-blooded and may be slowed by cold attacks.
You have a beak for a mouth.


Message History

The raiju barks!
Xom's power touches on a nearby monster.
The raiju suddenly seems more resistant.
The raiju barely misses you.
Read which item? (? for menu, Esc to quit)
As you read the scroll of teleportation, it crumbles to dust.
You feel strangely unstable.
You feel the power of the Abyss delaying your translocation!
The raiju bites you but does no damage.
The raiju stops to sniff the ground.
The raiju bursts into living lightning!
The living lightning hits you!
* * * LOW HITPOINT WARNING * * *
The raiju blinks!
Xom makes a sudden noise!
You hear a voice calling your name.
You hear a bellow!
A sixfirhy comes into view.
The sixfirhy hits you!
You die...
Xom thinks this is hilarious!

#. # .#.# .
#... .#...
#.#. #..#
##.#
#4.#....#
∆#@....#.#
# ##.##h..#
#
##q#.##..#.
..#.#...#
..
#.#.#####.
# #
##..#....#
#.. ...#
#..#...#
#...#q.#


You could see a black draconian shifter, a sixfirhy and a raiju.

Vanquished Creatures
  A hound (D:3)
  3 adders
  A gnoll (D:1)
  2 worms
  2 dart slugs (D:3)
  A giant gecko (D:2)
  7 orcs (D:3)
  4 bats
  A giant cockroach (D:3)
  6 goblins
  8 hobgoblins
  12 jackals
  A quokka (D:3)
  3 giant newts
  9 kobolds
  11 rats
72 creatures vanquished.

Vanquished Creatures (others)
  An adder (D:2)
1 creature vanquished.

Grand Total: 73 creatures vanquished

Notes
Turn   | Place    | Note
--------------------------------------------------------------
     0 | D:1      | epen the Draconian Chaos Knight began the quest for the Orb.
     0 | D:1      | Reached XP level 1. HP: 19/19 MP: 1/1
   199 | D:1      | Reached XP level 2. HP: 18/26 MP: 2/2
   320 | D:1      | XOM: silly message
   510 | D:1      | Reached XP level 3. HP: 31/31 MP: 3/3
   886 | D:2      | XOM: give mutation
   886 | D:2      | Gained mutation: You have a beak for a mouth. [Xom's mischief]
   892 | D:2      | XOM: noise
  1032 | D:1      | XOM: mild Summ miscast
  1033 | D:1      | Noticed a spatial vortex
  1035 | D:2      | XOM: blink monster(s)
  1038 | D:2      | XOM: stat loss: -1 Dex (9/10)
  1313 | D:2      | XOM: enchant monster (good)
  2001 | D:3      | Learned a level 1 spell: Flame Tongue
  2014 | D:3      | Reached XP level 4. HP: 28/40 MP: 1/4
  2024 | D:3      | XOM: 2-stop teleportation journey
  2115 | D:3      | Reached skill level 4 in Short Blades
  2421 | D:3      | Found an iron altar of Okawaru.
  2627 | D:3      | Found a burning altar of Makhleb.
  2651 | D:3      | Reached skill level 1 in Conjurations
  2651 | D:3      | Reached skill level 1 in Fire Magic
  2651 | D:3      | Reached XP level 5. HP: 37/46 MP: 5/5
  2688 | D:3      | XOM: colour smoke trail
  2709 | D:3      | XOM: mild Conj miscast
  2783 | D:3      | XOM: mild Erth miscast
  2784 | D:3      | XOM: chaos upgrade
  2794 | D:3      | XOM: harmless Conj miscast
  2805 | D:3      | Cast into level 1 of the Abyss (orc wizard)
  2805 | Abyss:1  | Found a corrupted altar of Lugonu.
  2818 | Abyss:1  | Noticed a large abomination
  2850 | Abyss:1  | Noticed a black draconian shifter
  2852 | Abyss:1  | Noticed a large abomination
  2853 | Abyss:1  | XOM: divination: detect items
  2860 | Abyss:1  | XOM: scenery: create altars
  2874 | Abyss:1  | Noticed a raiju
  2875 | Abyss:1  | XOM: enchant monster (bad)
  2881 | Abyss:1  | XOM: noise
  2882 | Abyss:1  | Noticed a sixfirhy
  2882 | Abyss:1  | Slain by a sixfirhy

Skill      XL: |  1  2  3  4 |
---------------+-------------+-----
Dodging        | 3 |  3.5
Short Blades   | 4 |  4.1
Conjurations   | 1 |  1.0
Fire Magic     | 1 |  1.2
Fighting       | |  3.7
Spellcasting   | |  0.3

Action                   |  1- 3 |  4- 6 || total
-------------------------+-------+-------++-------
Melee: Short sword       |   134 |   126 ||   260
       Tailslap          |     9 |    16 ||    25
       Peck              |     8 |    15 ||    23
 Cast: Flame Tongue      |     1 |     3 ||     4
  Use: Scroll            |     1 |     9 ||    10
       Potion            |       |     1 ||     1
 Stab: Paralysed         |     2 |       ||     2
       Sleeping          |       |     1 ||     1
  Eat: Chunk             |     2 |     4 ||     6
Armor: Skin              |    44 |    55 ||    99
Dodge: Dodged            |    92 |    75 ||   167
